 Dungeon Sprint DCSS version 0.23-a0-681-g26ad783 (webtiles) character file.

556 Lanoc the Carver (level 7, -3/87 (90) HPs)
             Began as a Demonspawn Berserker on Jan 11, 2019.
             Was an Elder of Trog.
             Slain by a tyrant leech (13 damage)
             ... in the Dungeon (Sprint II: "The Violet Keep of Menkaure").
             The game lasted 00:03:34 (629 turns).

Lanoc the Carver (Demonspawn Berserker)              Turns: 629, Time: 00:03:35

HP:   -3/87 (90)    AC:  2    Str: 24    XL:     7   Next: 8%
MP:   7/7           EV: 15    Int:  8    God:    Trog [****..]
Gold: 471           SH:  0    Dex: 13    Spells: 6/6 levels left

rFire    . . .     SeeInvis .   a - +0 falchion
rCold    . . .     Gourm    .   (no shield)
rNeg     . . .     Faith    .   b - +0 animal skin
rPois    .         Spirit   .   (no helmet)
rElec    .         Reflect  .   (no cloak)
rCorr    .         Harm     .   (no gloves)
MR       .....     NoTele   +   (no boots)
Stlth    ..........             (no amulet)
HPRegen  0.24/turn              (no ring)
MPRegen  0.10/turn              (no ring)

@: berserking, very quick
A: talons 1, powered by pain 1, spiny 1
a: Berserk, Trog's Hand, Brothers in Arms, Renounce Religion


You were in the Dungeon.
You worshipped Trog.
Trog was greatly pleased with you.
You were hungry.

You visited 1 branch You collected 729 gold pieces.
You spent 258 gold pieces at shops.

Inventory:

Hand Weapons
 a - a +0 falchion (weapon)
Armour
 b - a +0 animal skin (worn)
Scrolls
 i - a scroll of blinking
 j - a scroll of remove curse
 k - a scroll of identify
Potions
 d - 3 potions of curing
 e - 2 potions of heal wounds
 f - a potion of haste
 g - 2 potions of magic
 h - a potion of berserk rage
Comestibles
 c - a ration


   Skills:
 + Level 7.5 Fighting
 * Level 9.3 Long Blades
 + Level 6.4 Armour
 + Level 6.4 Dodging


You had 6 spell levels left.
You didn't know any spells.
Your spell library was empty.

Dungeon Overview and Level Annotations

Branches:
Dungeon (1/1)

Altars:

Shops:
D !*::[(=[}=%?!:?%

Annotations:
D exclusion: oklob plant


Innate Abilities, Weirdness & Mutations

You have sharp toenails.
You sometimes gain a little power by taking damage.
You are partially covered in sharp spines.


Message History

The tyrant leech misses you.
You riposte.
You barely miss the tyrant leech.
The tyrant leech is lightly wounded.
You hit the tyrant leech. Your kick misses the tyrant leech.
The tyrant leech is lightly wounded.
You closely miss the tyrant leech.
The tyrant leech is lightly wounded.
The tyrant leech bites you.
* * * LOW HITPOINT WARNING * * *
The tyrant leech draws strength from your injuries!
You closely miss the tyrant leech. You claw the tyrant leech!
The tyrant leech is moderately wounded.
The tyrant leech is struck by your spines.
The tyrant leech closely misses you.
You miss the tyrant leech. Your kick misses the tyrant leech.
The tyrant leech is moderately wounded.
You closely miss the tyrant leech. Your kick misses the tyrant leech.
The tyrant leech is moderately wounded.
The tyrant leech is struck by your spines.
The tyrant leech bites you!
You die...

###≈≈#+++#+++##***,,,,*,**,,*****
##≈≈≈.........#,,+,,,,*,,*,,*,,,,
.#≈≈≈≈.##'##..#,,****,*,,*,,*,,,,
.#≈≈≈≈##.#.##.####,,+,****,,*,,,,
.#≈≈≈≈#.##..#....#,,*,,,*****,,,,
.#≈≈#####..####..##***,,**,**,,,,
∩#≈##.# #'###.##..#,,+,,*,,**,,,,
.#≈#..###.##...#..#,,*,,*,,**,,,,
∩'≈'##.'.<.+#*#w@.#***,,**,**,,,,
.#≈#..###.##$..#w...#**,,,*******
##≈##.###'###.##....§.≈≈≈≈≈≈≈≈≈≈≈
##≈≈####...##*#≈≈..§..≈#+********
,##≈≈≈#..#..#≈≈≈≈§≈≈..≈#,,,_,_,_*
+**+#≈##.#.##≈§§§≈≈≈≈.≈#_,_,_,_,*
;**,*≈≈##+##≈≈§§≈≈≈§≈≈≈#,_,_,_,_*
§≈****≈≈≈≈≈≈≈≈≈≈≈≈§≈≈§≈#_,_,_,_,*
≈≈≈*,*+++*+++*≈≈≈≈≈≈≈≈≈*,_,_,_,,*


You could see 2 tyrant leeches.

Vanquished Creatures
  Menkaure (D)
  4 necrophages (D)
  4 worker ants (D)
  3 worms (D)
12 creatures vanquished.

Vanquished Creatures (others)
  A crocodile (D)
1 creature vanquished.

Grand Total: 13 creatures vanquished

Notes
Turn   | Place    | Note
-------+----------+-------------------------------------------
     0 | D        | Lanoc the Demonspawn Berserker began the quest for the Orb.
     0 | D        | Reached XP level 1. HP: 18/18 MP: 1/1
     1 | D        | Noticed a necrophage
     1 | D        | Noticed a necrophage
     1 | D        | Noticed a necrophage
     1 | D        | Noticed a necrophage
     6 | D        | Killed a necrophage
     6 | D        | Reached skill level 5 in Long Blades
     6 | D        | Gained mutation: You sometimes gain a little power by
                  | taking damage. [demonic ancestry]
     6 | D        | Reached XP level 2. HP: 26/26 MP: 2/2
     6 | D        | Reached XP level 3. HP: 31/31 MP: 3/3
     6 | D        | Reached XP level 4. HP: 38/38 MP: 4/4
    13 | D        | Killed a necrophage
    13 | D        | Reached skill level 5 in Fighting
    13 | D        | Reached skill level 6 in Long Blades
    13 | D        | Gained mutation: You are partially covered in sharp spines.
                  | [demonic ancestry]
    13 | D        | Reached XP level 5. HP: 44/44 MP: 5/5
    18 | D        | Killed a necrophage
    18 | D        | Reached ** piety under Trog
    18 | D        | Reached skill level 7 in Long Blades
    18 | D        | Reached skill level 5 in Armour
    18 | D        | Reached skill level 5 in Dodging
    21 | D        | Killed a necrophage
    21 | D        | Reached skill level 8 in Long Blades
    21 | D        | Reached XP level 6. HP: 51/51 MP: 6/6
   255 | D        | Noticed a tyrant leech
   255 | D        | Noticed a tyrant leech
   275 | D        | Reached *** piety under Trog
   325 | D        | Reached **** piety under Trog
   537 | D        | Found Tonwymut's Book Shoppe.
   537 | D        | Found Aptiwk's Magic Scroll Shoppe.
   537 | D        | Found Otamel's Magic Scroll Emporium.
   537 | D        | Found Letyrgh's Gadget Shoppe.
   537 | D        | Found Lusoy's Distillery.
   537 | D        | Found Tyffeh's Jewellery Shoppe.
   537 | D        | Found Nexieq's Food Shoppe.
   537 | D        | Found Caqingak's Antique Armour Emporium.
   538 | D        | Found Fymmyen's Jewellery Shoppe.
   538 | D        | Found Tiwkux's Food Emporium.
   538 | D        | Found Antess's Antique Weapon Emporium.
   538 | D        | Noticed Menkaure
   550 | D        | Killed Menkaure
   550 | D        | Reached skill level 9 in Long Blades
   550 | D        | Gained mutation: You have sharp toenails. [demonic
                  | ancestry]
   550 | D        | Reached XP level 7. HP: 58/58 MP: 7/7
   551 | D        | Noticed a hippogriff
   553 | D        | Found Gitugoga's Antique Armour Shoppe.
   553 | D        | Found Deromp's Book Emporium.
   553 | D        | Noticed an oklob plant
   553 | D        | Noticed a hippogriff
   554 | D        | Found Misiesaov's General Store.
   554 | D        | Found Poajamolaf's Distillery.
   554 | D        | Found Eceuduev's Book Shoppe.
   554 | D        | Noticed a hippogriff
   560 | D        | Bought a scroll of remove curse for 36 gold pieces
   560 | D        | Bought a scroll of identify for 24 gold pieces
   560 | D        | Bought a scroll of magic mapping for 42 gold pieces
   565 | D        | Noticed a polar bear
   566 | D        | Noticed a polar bear
   570 | D        | Bought a potion of degeneration for 13 gold pieces
   572 | D        | Bought a potion of curing for 39 gold pieces
   572 | D        | Bought a potion of curing for 39 gold pieces
   572 | D        | Bought a potion of heal wounds for 65 gold pieces
   589 | D        | Noticed an orange crystal statue
   629 | D        | Slain by a tyrant leech

Vault maps used:
D:        the_violet_keep_of_menkaure

Skill      XL: |  1  2  3  4  5  6 |
---------------+-------------------+-----
Fighting       | 4 5 6 7 |  7.5
Long Blades    | 5 6 8 9 |  9.3
Armour         | 3 4 5 6 |  6.4
Dodging        | 3 4 5 6 |  6.4

Action                   |  1- 3 |  4- 6 |  7- 9 || total
-------------------------+-------+-------+-------++-------
Melee: Falchion          |     3 |    44 |    14 ||    61
       Kick              |       |       |     2 ||     2
Invok: Berserk           |     1 |     1 |     1 ||     3
  Use: Scroll            |       |       |     1 ||     1
 Stab: Sleeping          |       |       |     1 ||     1
  Eat: Chunk             |       |       |     1 ||     1
Armor: Animal skin       |     1 |     3 |       ||     4
Dodge: Dodged            |     1 |    20 |     4 ||    25
       Rpst.: Falchion   |       |     8 |     1 ||     9

Table legend:
 A = Non-vault XP
 B = Vault XP
 C = Vault XP percentage of total XP
 D = Non-vault monster count
 E = Vault monster count
 F = Vault count percentage of total count
                 A         B        C        D         E       F
            +---------+---------+-------+---------+---------+-------
      Total |       0 |     795 | 100.0 |       0 |      12 | 100.0
            +---------+---------+-------+---------+---------+-------
          D |       0 |     795 | 100.0 |       0 |      12 | 100.0
            +---------+---------+-------+---------+---------+-------
